 Dungeon Crawl Stone Soup version 0.28-a0-793-g31680bbd8b (webtiles) character file.

Game seed: 12506403514211959998

303 pascalblue the Chopper (level 6, 0/56 HPs)
             Began as a Hill Orc Monk on Nov 4, 2021.
             Was a Believer of Beogh.
             Succumbed to a scorpion's poison
             ... on level 4 of the Dungeon.
             The game lasted 00:12:24 (4128 turns).

pascalblue the Chopper (Hill Orc Monk)              Turns: 4128, Time: 00:12:25

Health: 0/56       AC:  4    Str: 16    XL:     6   Next: 38%
Magic:  6/6        EV: 14    Int: 10    God:    Beogh [**....]
Gold:   30         SH:  0    Dex: 19    Spells: 5/5 levels left

rFire   . . .      SeeInvis .   a - +0 hand axe
rCold   . . .      Faith    .   (no shield)
rNeg    . . .      Spirit   .   b - +0 robe
rPois   .          Reflect  .   (no helmet)
rElec   .          Harm     .   j - +0 cloak
rCorr   .          Rampage  .   c - +0 pair of gloves
Will    .....                   (no boots)
Stlth   ++........              (no amulet)
HPRegen 0.18/turn               k - +6 ring of dexterity
MPRegen 0.10/turn               (no ring)

@: lethally poisoned (0 -> -7)
A: no striking features
a: Renounce Religion, Smiting


You were on level 4 of the Dungeon.
You worshipped Beogh.
Beogh was pleased with you.
You visited 1 branch of the dungeon, and saw 4 of its levels.

You collected 30 gold pieces.

Inventory:

Hand Weapons
 a - a +0 hand axe (weapon)
 e - a +1 dagger of venom
Armour
 b - a +0 robe (worn)
 c - a +0 pair of gloves (worn)
 j - a +0 cloak (worn)
Jewellery
 k - a +6 ring of dexterity (left hand)
Wands
 f - a wand of flame (13)
Scrolls
 g - 3 scrolls of amnesia
 i - a scroll of identify


   Skills:
 + Level 5.2 Fighting
 + Level 5.7 Axes
 + Level 2.9 Armour
 + Level 3.6 Dodging
 - Level 1.5 Stealth


You had 5 spell levels left.
You didn't know any spells.
Your spell library was empty.

Dungeon Overview and Level Annotations

Branches:
Dungeon (4/15)
 Temple: D:4-7

Altars:
Ru
The Shining One

Shops:
D:2 ([[


Message History

* * * LOW HITPOINT WARNING * * *
You feel very sick. The scorpion stings you.
* * * LOW HITPOINT WARNING * * *
It was a potion of curing.
You feel better. The scorpion barely misses you.
You feel yourself speed up. The scorpion barely misses you.
The scorpion misses you.
You hit the scorpion but do no damage.
The scorpion is severely wounded.
You hit the scorpion but do no damage.
The scorpion is severely wounded.
The scorpion closely misses you.
You hit the scorpion.
The scorpion is almost dead.
The scorpion barely misses you.
You hit the scorpion but do no damage.
The scorpion is almost dead.
The scorpion stings you but does no damage.
You closely miss the scorpion.
The scorpion is almost dead.
The scorpion stings you.
* * * LOW HITPOINT WARNING * * *
You are lethally poisoned!
The scorpion poisons you!
You slash the scorpion!
You kill the scorpion!
Beogh accepts your kill.
* * * LOW HITPOINT WARNING * * *
You feel very sick.
Okay, then.
Okay, then.
Your magical effects are unravelling.
You feel magically purged.
You feel yourself slow down.
* * * LOW HITPOINT WARNING * * *
You feel sick.
* * * LOW HITPOINT WARNING * * *
You feel sick.
Found a stone staircase leading down.
You die...

#... #... ....# #.#..#
.#. ....# #.#..## ..
.... #.#... <......
#.#..# #.. ..## #.#..#
#.##...##
#.#..#####.#$....###
#####.#†.##.....@.......
.........#...##......###
#####.#....#........##
#....#...#..#..##
###..##.##.##..# #
#..##.##.# >.#
######...##.##.# ...
.........##.##.. .###
#####.......###.


There were no monsters in sight!

Vanquished Creatures
  A sky beast (D:2)
  A scorpion (D:4)
  An orc wizard (D:3)
  4 adders
  3 worms
  A dart slug (D:2)
  2 orcs (D:3)
  6 endoplasms
  3 giant cockroaches
  7 goblins
  10 hobgoblins
  8 jackals
  5 kobolds
  2 quokkas
  8 ball pythons
  9 bats
  2 frilled lizards
  6 rats
79 creatures vanquished.

Notes
Turn   | Place    | Note
-------+----------+-------------------------------------------
     0 | D:1      | pascalblue the Hill Orc Monk began the quest for the Orb.
     0 | D:1      | Reached XP level 1. HP: 19/19 MP: 1/1
   274 | D:1      | Reached XP level 2. HP: 19/27 MP: 2/2
   998 | D:1      | Reached XP level 3. HP: 25/33 MP: 3/3
  1112 | D:1      | Reached skill level 1 in Armour
  1443 | D:2      | Found a glowing golden altar of the Shining One.
  1739 | D:2      | Found a faded altar of an unknown god.
  1811 | D:2      | Found Nazeis's Armour Boutique.
  2038 | D:2      | Found Meod's Antique Armour Boutique.
  2078 | D:2      | Reached XP level 4. HP: 38/40 MP: 4/4
  2374 | D:2      | Found Fithrar's Weapon Shop.
  2609 | D:3      | Reached skill level 5 in Axes
  2779 | D:3      | Reached XP level 5. HP: 47/47 MP: 5/5
  2844 | D:3      | Noticed a sky beast
  2963 | D:2      | Killed a sky beast
  3677 | D:3      | Reached skill level 5 in Fighting
  3677 | D:3      | Reached XP level 6. HP: 54/56 MP: 6/6
  3914 | D:3      | Became a worshipper of Beogh the Brigand
  3914 | D:3      | Reached * piety under Beogh
  3914 | D:3      | Reached ** piety under Beogh
  4067 | D:4      | Found a sacrificial altar of Ru.
  4126 | D:4      | HP: 2/56 [poisoned by a scorpion]
  4128 | D:4      | Succumbed to a scorpion's poison

Illustrated notes

Levels and vault maps discovered:
D:1:      noname_arrival_rooms_in_the_neighbourhood, layout_basic, hex_tiny,
          minmay_hedge_maze
D:2:      layout_basic, serial_shops, nicolae_shop_competitors_out_of_business,
          shop, shop, ebering_ecumenical_altar_hall, basic_altar
D:3:      kb_forest_paths, layout_loops_ring, minmay_misc_feat_more_columns,
          kennysheep_decorative_pillar
D:4:      layout_loops_ring, nicolae_ru_the_path_less_chosen,
          minmay_temple_entry_butterflies, minmay_manual_monstrance,
          uniq_menkaure

Skill      XL: |  1  2  3  4  5 |
---------------+----------------+-----
Fighting       | 4 5 |  5.2
Armour         | 1 2 |  2.9
Dodging        | 3 |  3.6
Axes           | 5 |  5.7
Stealth        | |  1.5

Action                   |  1- 3 |  4- 6 || total
-------------------------+-------+-------++-------
Melee: Hand axe          |   153 |   144 ||   297
Throw: Throwing net      |       |     1 ||     1
Invok: Convert to Beogh  |       |     1 ||     1
  Use: Scroll            |       |     5 ||     5
       Potion            |       |     3 ||     3
 Stab: Sleeping          |     5 |     6 ||    11
Armor: Robe              |    46 |    43 ||    89
Dodge: Dodged            |   112 |    82 ||   194

Table legend: (Time is in decaauts)
 A = Elapsed time spent in this place.
 B = Non-inter-level travel time spent in this place.
 C = Inter-level travel time spent in this place.
 D = Time resting spent in this place.
 E = Time spent auto-exploring this place.
 F = Levels seen in this place.
 G = Mean time per level.
                   A        B        C        D        E       F      G
               +--------+--------+--------+--------+--------+-----+--------+
         Total |   4143 |   3991 |    152 |    229 |   2781 |   4 | 1035.8 |
       Dungeon |   4143 |   3991 |    152 |    229 |   2781 |   4 | 1035.8 |
               +--------+--------+--------+--------+--------+-----+--------+

Top non-repeatable levels by time:
     D:2: 1428 daAuts
     D:1: 1353 daAuts
     D:3: 1287 daAuts
     D:4: 75 daAuts
